 Dungeon Crawl Stone Soup version 0.26.1-11-gd32895ea62 (webtiles) character file.

Game seed: 8014352449870141531

205 deletemesenpai the Skirmisher (level 5, -3/53 HPs)
             Began as a Troll Fighter on June 5, 2021.
             Was an Initiate of Trog.
             Shot with an arrow by a centaur (11 damage)
             ... on level 6 of the Dungeon.
             The game lasted 00:12:52 (1380 turns).

deletemesenpai the Skirmisher (Troll Fighter)       Turns: 1380, Time: 00:12:52

Health: -3/53      AC:  6    Str: 24    XL:     5   Next: 53%
Magic:  4/4        EV:  8    Int:  4    God:    Trog [......]
Gold:   105        SH:  9    Dex: 10    Spells: 4/4 levels left

rFire    . . .     SeeInvis .   a - +0 war axe
rCold    . . .     Faith    .   c - +0 kite shield
rNeg     . . .     Spirit   .   b - +0 robe
rPois    .         Reflect  .   (helmet restricted)
rElec    .         Harm     .   (no cloak)
rCorr    .         Rampage  .   (gloves unavailable)
Will     .....                  (boots unavailable)
Stlth    +.........             (no amulet)
HPRegen  0.57/turn              (no ring)
MPRegen  0.09/turn              (no ring)

@: mighty
A: large, unfitting armour, claws 3, regeneration 1, shaggy fur 1, tough skin 3
a: Renounce Religion


You were on level 6 of the Dungeon.
You worshipped Trog.
Trog was noncommittal.
You visited 1 branch of the dungeon, and saw 6 of its levels.

You collected 105 gold pieces.

Inventory:

Hand Weapons
 a - a +0 war axe (weapon)
 e - a cursed -3 dagger
 f - a +0 dagger
 i - a +0 dagger
 j - a +0 club
 l - a +0 mace
 o - a +0 whip
 r - a +0 quarterstaff
 u - a +0 spear
 C - a +0 dagger
 E - a +0 flail
 G - a +0 falchion
 H - a +0 club
Missiles
 g - 97 stones (quivered)
 h - 20 poisoned darts
 k - 77 bolts
 p - 14 sling bullets
 J - 15 arrows
Armour
 b - a +0 robe (worn)
 c - a +0 kite shield (worn)
 s - a +0 buckler
 y - a +1 barding
 D - a +0 robe
 F - a +0 leather armour
Magical Staves
 A - an uncursed staff of cold {unknown}
Scrolls
 m - 2 scrolls of remove curse {unknown}
 n - 3 scrolls of teleportation {unknown}
 q - a scroll of fog {unknown}
 v - a scroll of identify {unknown}
 x - a scroll of amnesia {unknown}
 B - a scroll of fear {unknown}
 I - a scroll of enchant weapon {unknown}
Potions
 d - a potion of might
 t - a potion of heal wounds {unknown}
 w - a potion of curing {unknown}
 z - a potion of attraction {unknown}


   Skills:
 + Level 3.3 Fighting
 + Level 3.0 Axes
 + Level 3.1 Dodging
 + Level 3.2 Shields


You had 4 spell levels left.
You didn't know any spells.
Your spell library was empty.

Dungeon Overview and Level Annotations

Branches:
Dungeon (6/15)
 Temple: D:4-7

Altars:
Trog


Innate Abilities, Weirdness & Mutations

You are too large for most types of armour.
You have claws for hands.
Your natural rate of healing is unusually fast.
You are covered in fur. (AC +1)
You have extremely tough skin. (AC +3)


Message History

You block the orc warrior's attack.
Your Axes skill increases to level 3!
You block the orc warrior's attack.
Things that are here:
a +0 hand axe; a +0 scale mail You closely miss the orc warrior.
The orc warrior hits you with a +0 halberd!
* * * LOW HITPOINT WARNING * * *
You hit the orc warrior.
The orc warrior is lightly wounded.
You block the orc warrior's attack.
You slash the orc warrior!
The orc warrior is heavily wounded.
The orc warrior hits you with a +0 halberd!
* * * LOW HITPOINT WARNING * * *
The centaur wields a +0 shortbow.
The centaur shoots an arrow.
The arrow barely misses you. The orc warrior barely misses you.
You see here an arrow.
The centaur shoots an arrow.
The arrow hits you!
You die...

......###......##..#
......# #......##..#
......# #......##..#
......# #########..#
#....## #........#
.....# #.####...#
.##### #......#
##.#.#.#
##.#@#.#####
#..)(#......
#..#)..##
≈....#o#......
≈≈≈......#######
≈c≈......#
≈≈≈......#
≈≈≈......#
≈≈≈......#


You could see an orc warrior and a centaur.

Vanquished Creatures
  2 orc wizards
  A bullfrog skeleton (D:5)
  A killer bee zombie (D:5)
  A hound skeleton (D:5)
  2 adders
  A white imp (D:5)
  An ooze (D:5)
  An adder skeleton (D:4)
  5 worms
  A dart slug (D:1)
  6 orcs
  A ball python (D:2)
  2 giant cockroaches (D:1)
  3 goblins
  A hobgoblin (D:1)
  3 kobolds (D:1)
  A quokka (D:5)
  3 bats
  A frilled lizard (D:4)
  A leopard gecko zombie (D:5)
  6 rats
44 creatures vanquished.

Notes
Turn   | Place    | Note
-------+----------+-------------------------------------------
     0 | D:1      | deletemesenpai the Troll Fighter began the quest for the
                  | Orb.
     0 | D:1      | Reached XP level 1. HP: 22/22 MP: 0/0
   272 | D:1      | Reached XP level 2. HP: 26/29 MP: 1/1
   447 | D:2      | Reached XP level 3. HP: 19/36 MP: 2/2
   865 | D:5      | Entered Level 5 of the Dungeon
  1030 | D:5      | Reached XP level 4. HP: 42/45 MP: 3/3
  1076 | D:5      | Reached XP level 5. HP: 21/53 MP: 4/4
  1252 | D:5      | Found a bloodstained altar of Trog.
  1264 | D:5      | Became a worshipper of Trog the Wrathful
  1361 | D:6      | Noticed an orc warrior
  1367 | D:6      | Noticed a centaur
  1380 | D:6      | Shot with an arrow by a centaur

Illustrated notes

Levels and vault maps discovered:
D:1:      dpeg_arrival_simpleton_b, layout_loops_ring
D:2:      layout_basic, kiku_gazebo_pond_becter, grunt_temple_overflow_diamond,
          minmay_misc_feat_roman, nrook_campfire, serial_bayou_pond_a
D:3:      layout_rooms, chequers_ecumenical_altar_grove, kennysheep_nondescript
D:4:      layout_basic, lemuel_coloured_pillars_altar
D:5:      layout_basic, nicolae_ru_great_annihilating_truth,
          trog_three_pillars_becter
D:6:      nicolae_whirlpool, layout_basic, kennysheep_mini_moat, kennysheep_dice

Skill      XL: |  1  2  3  4  5 |
---------------+----------------+-----
Fighting       | 3 |  3.3
Axes           | 2 3 |  3.0
Shields        | 3 |  3.2
Dodging        | 3 |  3.1

Action                   |  1- 3 |  4- 6 || total
-------------------------+-------+-------++-------
Melee: War axe           |   114 |    48 ||   162
  Use: Potion            |       |     1 ||     1
Armor: Robe              |    46 |    16 ||    62
Dodge: Dodged            |    46 |    30 ||    76
Block: Kite shield       |    75 |    42 ||   117
